 Dungeon Crawl Stone Soup version 0.31-a0-1005-gfbdfbac (webtiles) character file.

Game seed: 10836879287970210364

431 Unit the Ruffian (level 6, -3/56 HPs)
             Began as a Draconian Fighter on Nov 11, 2023.
             Slain by Grinder (5 damage)
             ... on level 4 of the Dungeon.
             The game lasted 00:03:33 (2178 turns).

Unit the Ruffian (Draconian Fighter)                Turns: 2178, Time: 00:03:33

Health: -3/56      AC:  7    Str: 21    XL:     6   Next: 67%
Magic:  6/6        EV: 12    Int:  8    God:
Gold:   134        SH:  4    Dex: 10    Spells: 5/5 levels left

rFire   . .          .
                       - Unarmed
rCold   . . .        a - +0 buckler
rNeg    . . .        (body armour unavailable)
rPois   .            (helmet restricted)
rElec   .            (no cloak)
rCorr   .            r - +0 pair of gloves
SInv    .            (no boots)
Will    .....        (no amulet)
Stlth   +            (no ring)
HPRegen 0.29/turn    (no ring)
MPRegen 0.10/turn

%: no passive effects
@: mighty
A: AC +6, unfitting armour, cold-blooded
a: no special abilities


You were on level 4 of the Dungeon.
You visited 1 branch of the dungeon, and saw 4 of its levels.
You also visited: Sewer.

You collected 134 gold pieces.

Inventory:

Missiles
 h - 17 poisoned darts
 j - a curare-tipped dart
Armour
 a - a +0 buckler (worn)
 r - a +0 pair of gloves (worn)
Scrolls
 c - a scroll of blinking
 d - 2 scrolls of revelation
 e - a scroll of vulnerability
 g - a scroll of enchant weapon {unknown}
 i - a scroll of immolation {unknown}
 k - a scroll of teleportation {unknown}
 l - a scroll of poison {unknown}
Potions
 f - a potion of resistance {unknown}
 m - a potion of degeneration {unknown}
 n - 2 potions of magic {unknown}
 o - 3 potions of curing
 p - 2 potions of enlightenment


   Skills:
 + Level 5.5 Fighting
 - Level 2.6 Dodging
 - Level 3.0 Shields
 * Level 6.0 Unarmed Combat


You had 5 spell levels left.
You didn't know any spells.
Your spell library contained the following spells:

 Spells                   Type           Power      Damage    Failure   Level
 Apportation              Tloc           0%         N/A       47%         1
 Necrotise                Necr           0%         1d4       47%         1
 Summon Small Mammal      Summ           0%         N/A       47%         1
 Frozen Ramparts          Ice            0%         1d1       85%         3
 Petrify                  Tmut/Erth      0%         N/A       99%         4
 Metabolic Englaciation   Hex/Ice        0%         N/A       100%        5


Dungeon Overview and Level Annotations

Branches:
Dungeon (4/15)              Sewer (visited)
 Temple: D:4-7

Altars:
Qazlal

Annotations:
D:3 1 runed translucent door, wqsa789's ghost, amateur GnFi
D:4 Grinder


Innate Abilities, Weirdness & Mutations

Your plain brown scales are hard. (AC +6)
You cannot fit into any form of body armour.
You are cold-blooded and may be slowed by cold attacks.


Message History

You shrug off the repeated paralysis!
The orc hits you but does no damage. Grinder hits you.
You writhe in agony.
You can move again.
Unknown command.
Unknown command.
Unknown command.
Unknown command.
You barely miss Grinder.
Grinder is moderately wounded.
The orc hits you but does no damage.
Grinder says, "Don't move a muscle."
Grinder hits you but does no damage.
Unknown command.
You hit Grinder.
Grinder is heavily wounded.
The orc hits you with a +0 club. Grinder gestures at you.
You suddenly lose the ability to move!
The orc hits you with a +0 club. Grinder hits you!
You writhe in agony.
The orc hits you but does no damage.
An orc comes into view. It is wielding a +0 whip.
Grinder hits you!
* * * LOW HITPOINT WARNING * * *
The orc hits you but does no damage.
Grinder says, "FISH!"
Grinder hits you.
* * * LOW HITPOINT WARNING * * *
You writhe in agony.
* * * LOW HITPOINT WARNING * * *
You can move again.
Unknown command.
You punch Grinder!
Your tail-slap misses Grinder.
Grinder is severely wounded.
The orc hits you with a +0 club.
* * * LOW HITPOINT WARNING * * *
Grinder hits you.
* * * LOW HITPOINT WARNING * * *
You writhe in agony.
You die...
Grinder says, "Now the real fun starts!"

##.........#...
#..............
####.....#........
#>.......#........
..................
##................
##.......!..o......
#...###....@5...o..
####.................
#..†.................
#...........>........
#....................
#....................
###...................
###....#....#....#......
..###..#...####.####


You could see Grinder and 2 orcs.

Vanquished Creatures
  Sigmund (D:3)
  2 kobold brigands (Sewer)
  Jessica (D:2)
  3 adders (D:2)
  2 river rats (Sewer)
  2 worms (D:3)
  2 dart slugs
  An orc (D:3)
  4 bats
  6 endoplasms
  6 giant cockroaches
  3 goblins
  3 hobgoblins
  2 quokkas (D:2)
  5 ball pythons
  7 frilled lizards
  8 kobolds
  4 rats
62 creatures vanquished.

Notes
Turn   | Place    | Note
-------+----------+-------------------------------------------
     0 | D:1      | Unit the Draconian Fighter began the quest for the Orb.
     0 | D:1      | Reached XP level 1. HP: 19/19 MP: 1/1
   171 | D:1      | Reached XP level 2. HP: 26/26 MP: 2/2
   660 | D:2      | Reached skill level 3 in Unarmed Combat
   724 | D:2      | Reached XP level 3. HP: 32/33 MP: 3/3
   777 | D:2      | Noticed Jessica
   787 | D:2      | Killed Jessica
   788 | D:2      | Reached XP level 4. HP: 25/40 MP: 4/4
  1058 | D:2      | Found a stormy altar of Qazlal.
  1098 | D:3      | Found a glowing drain.
  1118 | D:3      | Reached skill level 4 in Unarmed Combat
  1137 | Sewer    | Entered a sewer
  1231 | Sewer    | Noticed a kobold brigand
  1231 | Sewer    | Noticed a kobold brigand
  1260 | Sewer    | Killed a kobold brigand
  1261 | Sewer    | Reached XP level 5. HP: 40/47 MP: 5/5
  1317 | Sewer    | Reached skill level 5 in Fighting
  1317 | Sewer    | Reached skill level 5 in Unarmed Combat
  1367 | Sewer    | Found a white marble altar of Elyvilon.
  1435 | D:3      | Reached XP level 6. HP: 45/56 MP: 6/6
  1532 | D:3      | Noticed Sigmund
  1546 | D:3      | Killed Sigmund
  1618 | D:3      | Found a runed translucent door.
  1622 | D:3      | Noticed wqsa789's ghost (amateur GnFi)
  1870 | D:3      | Reached skill level 6 in Unarmed Combat
  2162 | D:4      | Noticed Grinder
  2170 | D:4      | Paralysed by Grinder for 3 turns
  2174 | D:4      | Paralysed by Grinder for 3 turns
  2178 | D:4      | HP: 2/56 [Grinder (5)]
  2178 | D:4      | Slain by Grinder

Illustrated notes

Levels and vault maps discovered:
D:1:      dpeg_arrival_pits, layout_loops_ring
D:2:      layout_basic, basic_altar, uniq_jessica
D:3:      layout_loops_ring, ebering_ghost_sewer_d,
          cheibrodos_sewer_entry_drain, uniq_sigmund
D:4:      layout_cave_pools, kennysheep_nondescript, uniq_grinder, uniq_ijyb,
          uniq_eustachio

Skill      XL: |  1  2  3  4  5  6 |
---------------+-------------------+-----
Unarmed Combat | 3 4 5 6 |  6.0
Fighting       | 4 5 |  5.5
Dodging        | |  2.6
Shields        | |  3.0

Action                     |  1- 3 |  4- 6 || total
---------------------------+-------+-------++-------
  Melee: Unarmed           |    88 |   117 ||   205
         Tailslap          |     7 |     8 ||    15
  Throw: Dart              |       |    20 ||    20
    Use: Scroll            |       |     3 ||     3
         Potion            |       |     3 ||     3
 Armour: Skin              |    40 |    53 ||    93
  Dodge: Dodged            |    40 |    53 ||    93
  Block: Buckler           |    10 |    13 ||    23

Table legend: (Time is in decaauts)
 A = Elapsed time spent in this place.
 B = Non-inter-level travel time spent in this place.
 C = Inter-level travel time spent in this place.
 D = Time resting spent in this place.
 E = Time spent auto-exploring this place.
 F = Levels seen in this place.
 G = Mean time per level.
                   A        B        C        D        E       F      G
               +--------+--------+--------+--------+--------+-----+--------+
         Total |   2204 |   2163 |     41 |      0 |   1674 |   5 |  440.8 |
       Dungeon |   1906 |   1865 |     41 |      0 |   1481 |   4 |  476.5 |
         Sewer |    298 |    298 |      0 |      0 |    192 |   1 |  298.0 |
               +--------+--------+--------+--------+--------+-----+--------+

Top non-repeatable levels by time:
     D:3: 763 daAuts
     D:1: 650 daAuts
     D:2: 445 daAuts
   Sewer: 298 daAuts
     D:4: 46 daAuts
